 Dungeon Crawl Stone Soup version 0.18.1-48-g4cf74bf (webtiles) character file.

197919 dvd the Champion of Chaos (level 17, -4/117 HPs)
             Began as a Demonspawn Fighter on June 23, 2016.
             Was the Champion of Makhleb.
             Slain by a deep elf knight
             ... wielding a +0 scimitar
              (9 damage)
             ... on level 2 of the Elven Halls on June 24, 2016.
             The game lasted 02:46:21 (32072 turns).

dvd the Champion of Chaos (Demonspawn Fighter)     Turns: 32072, Time: 02:46:22

Health: -4/117     AC: 17    Str: 26    XL:     17   Next: 79%
Magic:  30/30      EV: 20    Int:  7    God:    Makhleb [******]
Gold:   255        SH:  0    Dex: 23    Spells: 1 memorised, 17 levels left

rFire  + + .     SeeInvis +     a - +6 flail of Kaostruz {freeze, *Drain +Inv Str+6 Dex+9}
rCold  + . .     Gourm    .     q - +1 ring mail of Ylot {rF+ rN+}
rNeg   + + .     Faith    .     I - +0 shield {reflect}
rPois  +         Spirit   .     e - -2 hat of the Alchemist {rElec rPois rF+ rC+ rN+ MR+ rMut rCorr}
rElec  +         Dismiss  .     u - +0 cloak
rCorr  +         Reflect  +     (gloves unavailable)
rMut   +         Harm     .     (no boots)
SustAt .                        z - amulet of regeneration
MR     +++..                    v - ring of protection from magic
Stlth  +.........               h - ring of see invisible

@: confused, about to teleport, drained, extremely resistant to hostile
enchantments, very unstealthy
A: antennae 1, claws 3, rough black scales 3, blurry vision 1, demonic guardian
2, dopey 1, frail 1, regeneration 2, spiny 2
a: Minor Destruction, Lesser Servant of Makhleb, Major Destruction, Greater
Servant of Makhleb, Renounce Religion, Evoke Invisibility
}: 1/15 runes: gossamer


You were on level 2 of the Elven Halls.
You worshipped Makhleb.
Makhleb was exalted by your worship.
You were not hungry.

You visited 6 branches of the dungeon, and saw 32 of its levels.
You visited 1 bazaar.

You collected 2914 gold pieces.
You spent 2659 gold pieces at shops.

Inventory:

Hand Weapons
 a - the +6 flail of Kaostruz (weapon) {freeze, *Drain +Inv Str+6 Dex+9}
   (You bought it in a shop on level 2 of the Orcish Mines)

   It has been specially enchanted to freeze those struck by it, causing extra
   injury to most foes and up to half again as much damage against particularly
   susceptible opponents.
   It can also slow down cold-blooded creatures.
   It affects your strength (+6).
   It affects your dexterity (+9).
   It lets you turn invisible.
   It causes draining when unequipped.
 b - a +7 flail of draining
 C - a +1 war axe of chopping
Armour
 e - the -2 hat of the Alchemist (worn) {rElec rPois rF+ rC+ rN+ MR+ rMut rCorr}
   (You bought it in a shop on level 14 of the Dungeon)

   It protects you from fire.
   It protects you from cold.
   It insulates you from electricity.
   It protects you from poison.
   It protects you from negative energy.
   It affects your resistance to hostile enchantments.
   It protects you from acid and corrosion.
   It protects you from mutation.
 g - the +2 hat of the Bear Spirit {Spirit, +Rage rN+ MR++}
   (You bought it in a shop in a bazaar)

   It protects you from negative energy.
   It affects your resistance to hostile enchantments.
   It lets you go berserk.
 q - the +1 ring mail of Ylot (worn) {rF+ rN+}
   (You found it on level 2 of the Elven Halls)

   It protects you from fire.
   It protects you from negative energy.
 u - a +0 cloak (worn)
 I - a +0 shield of reflection (worn)
 J - a +0 shadow dragon armour
Jewellery
 h - a ring of see invisible (left claw)
 v - a ring of protection from magic (right claw)
 z - an amulet of regeneration (around neck)
 R - the brooch of Shielding {Reflect SH+8}
   (You found it on level 7 of the Dungeon)

   [amulet of reflection]

   It shields you and reflects attacks.
   It affects your SH (+8).
 S - an uncursed ring of resist corrosion
 U - a +4 ring of evasion
Wands
 n - a wand of confusion (33/48)
 o - a wand of lightning (9/15)
 t - a wand of lightning (10/15)
 w - a wand of acid (5/15)
 y - a wand of lightning (5/15)
 A - a wand of disintegration (10/24)
 E - a wand of lightning (12/15)
 F - a wand of paralysis (13/24)
 M - a wand of iceblast (5/15)
 N - a wand of lightning (11/15)
Scrolls
 i - 3 scrolls of magic mapping
 l - 2 scrolls of recharging
 p - 16 scrolls of identify
 r - 13 scrolls of remove curse
 s - 5 scrolls of teleportation
 L - 2 scrolls of blinking
Potions
 d - 4 potions of might
 j - 8 potions of curing
 k - a potion of resistance
 K - 6 potions of brilliance
 O - 2 potions of cancellation
 Q - 2 potions of cure mutation
 W - a potion of ambrosia
 X - 3 potions of agility
 Y - 2 potions of flight
 Z - 3 potions of invisibility
Books
 c - an Akashic Record

   Spells                             Type                      Level
   a - Dispersal                      Translocation                6
   b - Malign Gateway                 Summoning/Translocation      7
   c - Disjunction                    Translocation                8
   d - Controlled Blink               Translocation                8
 x - a book of the Earth

   Spells                             Type                      Level
   a - Leda's Liquefaction            Hexes/Earth                  4
   b - Bolt of Magma                  Conjuration/Fire/Earth       5
   c - Statue Form                    Transmutation/Earth          6
   d - Iron Shot                      Conjuration/Earth            6
   e - Shatter                        Earth                        9
 P - a book of Maledictions

   Spells                             Type                      Level
   a - Corona                         Hexes                        1
   b - Ensorcelled Hibernation        Hexes/Ice                    2
   c - Confuse                        Hexes                        3
   d - Tukima's Dance                 Hexes                        3
   e - Dazzling Spray                 Conjuration/Hexes            3
Comestibles
 f - 24 bread rations
 m - 33 fruits
 B - 7 slices of pizza
 D - 19 meat rations
 H - 15 royal jellies
 V - a beef jerky


   Skills:
 + Level 11.0 Fighting
 + Level 5.4(8.8) Axes
 + Level 10.2(10.7) Maces & Flails
   Level 3.1(4.7) Polearms
   Level 0.3 Slings
 + Level 10.0 Armour
 + Level 9.1 Dodging
 + Level 6.6 Stealth
 + Level 15.6 Shields
 * Level 1.9 Spellcasting
 * Level 2.0 Charms
 * Level 1.5 Air Magic
 + Level 19.7 Invocations


You had 17 spell levels left.
You knew the following spells:

 Your Spells              Type           Power        Failure   Level  Hunger
a - Repel Missiles        Chrm/Air       #.....       41%         2    ###....


Dungeon Overview and Level Annotations

Branches:
Dungeon (15/15)            Temple (1/1) D:4            Lair (8/8) D:11
 Shoals (0/4) Lair:4       Spider (4/4) Lair:5        Slime (0/6) Lair:7
    Orc (2/2) D:11            Elf (2/3) Orc:2        Vaults (0/5) D:13
 Depths (0/5) D:15

Altars:
Ashenzari
Cheibriados
Dithmenos
Elyvilon
Fedhas
Gozag
Kikubaaqudgha
Makhleb
Nemelex Xobeh
Okawaru
Pakellas
Qazlal
Ru
Sif Muna
Trog
Vehumet
Xom
Yredelemnul
Zin
The Shining One
Beogh
Jiyva

Shops:
D:7 !   D:10 [   D:14 [   Orc:2 :}(*

Portals:
Trove: Elf:2 (give horn of Geryon)


Innate Abilities, Weirdness & Mutations

You have claws for hands.
You are completely covered in rough black scales (AC +10, Dex -3).
A demonic guardian rushes to your aid.
You are mostly covered in sharp spines.
You have a pair of small antennae on your head.
Scrolls take you a little longer to read.
You are dopey. (Int -2)
You are frail (-10% HP).
You heal very quickly.


Message History

The deep elf mage blinks!
The broad axe of electrocution barely misses you.
The jumping spider leaps!
The deep elf knight is struck by your spines.
The deep elf knight hits you with a scimitar!
* * * LOW HITPOINT WARNING * * *
The deep elf mage mumbles some strange words.
The deep elf mage conjures a globe of magical energy!
The executioner's axe of electrocution hits you.
* * * LOW HITPOINT WARNING * * *
A dancing weapon, a deep elf mage and a battlesphere come into view.
The deep elf mage shouts!
The jumping spider misses you.
The jumping spider bites you but does no damage.
The broad axe of electrocution is struck by your spines.
The broad axe of electrocution hits you!!
* * * LOW HITPOINT WARNING * * *
The deep elf knight is struck by your spines.
The deep elf knight hits you with a scimitar!
You die...

# #.......#
###.##.#.##
............
.<..##.#.##
...(.......
..)..#....#
#..........
.....###.##
##.......*..
.....#
#..###...s....e..
.....#
#####............
.>...#
#..e(.......
.....#
#..@see....
.....#
#.e(##....e
..###### #...##
... ...#...#
#...# .
.......#####...
..........##...
..).......###.
..........# #.
..........#


You could see 4 deep elf knights, 2 deep elf magi, a jumping spider, a redback,
3 dancing weapons and a battlesphere.

Vanquished Creatures
  The ghost of spiff the Eclecticist, an adept DEWz of Vehumet (Spider:4)
  Agnes (D:15)
  Roxanne (Elf:1)
  3 ghost moths
  Donald (Elf:2)
  4 emperor scorpions (Spider:4)
  Azrael (D:13)
  A spark wasp (Spider:3)
  6 vault guards (D:13)
  A fire dragon (D:15)
  2 entropy weavers
  2 deep elf high priests (Elf:1)
  3 hydras
  Erica (D:8)
  An ogre mage (D:14)
  3 centaur warriors (D:13)
  11 dancing weapons
  2 death yaks (Lair:8)
  7 deep elf knights
  7 orc high priests
  A fire crab (Lair:7)
  A large abomination (Elf:1)
  2 skeletal warriors (D:15)
  4 deep elf archers
  3 unseen horrors
  4 orc knights (Orc:2)
  7 hill giants
  A wolf spider zombie (D:15)
  A necromancer (Lair:4)
  A wizard (D:15)
  A phantasmal warrior (D:15)
  17 orb spiders
  30 deep elf magi
  2 griffons
  2 hornets (Spider:4)
  10 ugly things
  23 wolf spiders
  2 orc sorcerers
  A fire giant zombie (D:15)
  A stone giant zombie (D:15)
  2 cyclopes
  A frost giant skeleton (D:15)
  2 moths of wrath
  15 spiny frogs
  4 centaur zombies
  A torpor snail (shapeshifter) (D:15)
  A black mamba (Lair:4)
  2 torpor snails
  9 elephants
  2 gargoyles
  A spriggan zombie (D:15)
  2 rime drakes (Lair:7)
  An efreet (D:15)
  10 demonic crawlers
  4 yaktaurs (D:15)
  8 komodo dragons
  8 trolls
  A polar bear (Lair:8)
  A jumping spider (shapeshifter) (Elf:1)
  2 giant leeches (Lair:8)
  A polar bear (shapeshifter) (D:14)
  20 jumping spiders
  2 two-headed ogres
  4 slime creatures (D:14)
  10 blink frogs
  6 air elementals
  2 boulder beetles (Spider:1)
  65 redbacks
  21 yaks
  5 wraiths
  A water elemental (D:11)
  A vampire (D:15)
  5 wyverns
  22 tarantellas
  5 fire elementals
  6 hippogriffs
  3 basilisks
  A steam dragon (D:7)
  12 vampire mosquitoes
  A hungry ghost (D:9)
  4 wargs (Orc:2)
  A soldier ant (D:15)
  A giant eyeball (shapeshifter) (Elf:2)
  9 water moccasins
  10 porcupines
  2 hell hounds (D:13)
  16 orc warriors
  3 ice beasts
  2 sky beasts
  A wasp (D:13)
  A phantom (D:11)
  3 black bears
  10 ogres
  A tengu (shapeshifter) (Elf:1)
  9 wolves
  11 centaurs
  18 crocodiles
  7 big kobolds
  30 giant frogs
  A gnoll sergeant (D:11)
  2 earth elementals
  3 wyvern skeletons
  4 scorpions
  25 killer bees
  6 wights (D:14)
  3 howler monkeys (D:10)
  3 electric eels
  7 crimson imps
  3 giant frog zombies
  9 hounds
  2 centaur skeletons
  A gnoll shaman (D:7)
  22 orc priests
  5 jellies
  14 orc wizards
  A giant frog skeleton (D:8)
  4 iguanas
  A yak simulacrum (Lair:4)
  9 hell rats (Lair:3)
  11 worker ants
  2 polar bear simulacra (Lair:4)
  A wolf simulacrum (Lair:4)
  A hound zombie (D:10)
  A hound skeleton (D:9)
  Robin (D:3)
  16 gnolls
  13 adders
  56 river rats
  2 shadow imps
  An ooze (D:2)
  An adder skeleton (D:9)
  An adder zombie (D:6)
  A worm (D:2)
  2 giant geckos
  79 orcs
  6 giant cockroaches
  15 goblins
  13 hobgoblins
  13 jackals
  4 quokkas
  15 sheep
  A ball python (D:3)
  6 bats
  4 giant newts
  2 jackal skeletons (D:6)
  13 kobolds
  14 rats
  3 river rat simulacra (Lair:4)
  A fungus (Lair:7)
  15 plants
1021 creatures vanquished.

Vanquished Creatures (collateral kills)
  Rupert (Orc:2)
  3 emperor scorpions (Spider:4)
  Louise (Elf:1)
  2 spark wasps (Spider:3)
  2 vault guards (D:13)
  The ghost of Malvoorn the Bludgeoner, a novice OgGl of Ru (D:9)
  Josephine (Orc:2)
  An entropy weaver (Spider:3)
  A hydra (Lair:3)
  3 death yaks (Lair:8)
  2 dancing weapons (Elf:2)
  4 orc high priests (Orc:2)
  2 deep elf knights
  A deep elf archer (Elf:1)
  8 deep elf magi
  5 orb spiders
  2 ugly things
  A necromancer (D:15)
  7 wolf spiders
  2 hornets
  A manticore (D:14)
  5 elephants
  A torpor snail (Spider:4)
  2 black mambas (Lair:2)
  10 spiny frogs
  3 demonic crawlers
  6 komodo dragons
  7 jumping spiders
  A queen bee (Lair:1)
  2 trolls
  Prince Ribbit (D:6)
  9 blink frogs
  A boulder beetle (Spider:1)
  3 wraiths (Orc:2)
  19 redbacks
  13 yaks
  A basilisk (Lair:7)
  5 vampire mosquitoes
  10 tarantellas
  3 hippogriffs
  Menkaure (D:6)
  Edmund (D:6)
  3 wargs
  A porcupine (shapeshifter) (D:14)
  2 porcupines
  A sky beast (D:5)
  2 hell hounds (D:13)
  3 orc warriors
  2 ogres (D:11)
  A necrophage (D:5)
  5 wolves
  A crocodile (Lair:7)
  A big kobold (D:11)
  Blork the orc (D:5)
  7 giant frogs
  2 gnoll sergeants
  5 killer bees (Lair:1)
  3 wights (D:14)
  2 electric eels (Lair:8)
  7 orc priests
  A hound (D:5)
  A giant frog skeleton (D:7)
  Jessica (D:2)
  An iguana (Lair:2)
  5 orc wizards
  A polar bear simulacrum (Lair:4)
  2 yak simulacra (Lair:4)
  A wolf simulacrum (Lair:4)
  5 gnolls
  An adder (D:5)
  4 river rats (Lair:7)
  14 orcs
  A bat (D:3)
  A quokka (D:5)
  2 goblins
245 creatures vanquished.

Vanquished Creatures (others)
  A centaur warrior (D:14)
  3 deep elf knights (Elf:1)
  6 deep elf archers
  A deep elf mage (Elf:2)
  An orb spider (Spider:3)
  A demonic crawler (Spider:1)
  A tarantella (Spider:3)
  A redback (Spider:4)
  A centaur (Orc:1)
  An orc wizard (Elf:1)
  4 orcs
  2 crawling corpses (Elf:1)
  3 fungi
  A plant (Lair:7)
27 creatures vanquished.

Grand Total: 1293 creatures vanquished

Notes
Turn   | Place    | Note
--------------------------------------------------------------
     0 | D:1      | dvd the Demonspawn Fighter began the quest for the Orb.
     0 | D:1      | Reached XP level 1. HP: 18/18 MP: 1/1
   168 | D:1      | Gained mutation: You are partially covered in rough black scales (AC +4, Dex -1). [demonic ancestry]
   168 | D:1      | Reached XP level 2. HP: 15/24 MP: 2/2
   629 | D:2      | Found an iron altar of Okawaru.
   640 | D:2      | Gained mutation: A weak demonic guardian rushes to your aid. [demonic ancestry]
   640 | D:2      | Reached XP level 3. HP: 28/29 MP: 3/3
   651 | D:2      | Found a faded altar to an unknown god.
   669 | D:2      | Noticed Jessica
   681 | D:2      | Killed Jessica
   878 | D:2      | Gained mutation: A demonic guardian rushes to your aid. [demonic ancestry]
   878 | D:2      | Reached XP level 4. HP: 37/37 MP: 4/4
  1508 | D:3      | Reached skill level 1 in Dodging
  1665 | D:3      | Found a shimmering altar of Xom.
  1671 | D:3      | Found a sparkling altar of Nemelex Xobeh.
  1678 | D:3      | Found a shadowy altar of Dithmenos.
  1740 | D:3      | Reached XP level 5. HP: 37/42 MP: 5/5
  2007 | D:3      | Found a shimmering altar of Xom.
  2021 | D:3      | Noticed Robin
  2039 | D:3      | Killed Robin
  2188 | D:3      | Reached XP level 6. HP: 48/48 MP: 6/6
  2882 | D:4      | Noticed a hippogriff
  2888 | D:4      | Killed a hippogriff
  2930 | D:4      | Found a staircase to the Ecumenical Temple.
  2936 | Temple   | Entered the Ecumenical Temple
  3346 | D:5      | Entered Level 5 of the Dungeon
  3418 | D:5      | Gained mutation: You are mostly covered in rough black scales (AC +7, Dex -2). [demonic ancestry]
  3418 | D:5      | Reached XP level 7. HP: 55/55 MP: 7/7
  3555 | D:5      | Found a blossoming altar of Fedhas.
  3791 | D:5      | Noticed Blork the orc
  3792 | D:5      | Found a burning altar of Makhleb.
  3799 | D:5      | Killed Blork the orc
  3799 | D:5      | Reached skill level 5 in Shields
  3816 | D:5      | Became a worshipper of Makhleb the Destroyer
  4099 | D:5      | Reached skill level 5 in Fighting
  4387 | D:6      | Reached skill level 1 in Polearms
  4387 | D:6      | Gained mutation: You have sharp fingernails. [demonic ancestry]
  4387 | D:6      | Reached XP level 8. HP: 62/62 MP: 8/8
  4389 | D:6      | Noticed Menkaure
  4477 | D:6      | Killed Menkaure
  4575 | D:6      | Noticed Prince Ribbit
  4577 | D:6      | Killed Prince Ribbit
  4653 | D:6      | Reached skill level 5 in Armour
  4696 | D:6      | Reached * piety under Makhleb
  5075 | D:6      | Noticed a deep elf mage
  5093 | D:6      | Killed a deep elf mage
  5093 | D:6      | Reached skill level 1 in Stealth
  5112 | D:6      | Noticed Edmund
  5116 | D:6      | Killed Edmund
  5116 | D:6      | Gained mutation: You are partially covered in sharp spines. [demonic ancestry]
  5116 | D:6      | Reached XP level 9. HP: 46/69 MP: 9/9
  5200 | D:6      | Found a glowing golden altar of the Shining One.
  5565 | D:7      | Found a large runed door.
  5566 | D:7      | Found a large runed door.
  5595 | D:7      | Noticed a troll
  5602 | D:7      | Killed a troll
  5686 | D:7      | Found a blossoming altar of Fedhas.
  5806 | D:7      | Found a large runed door.
  5807 | D:7      | Found a large runed door.
  5827 | D:7      | Noticed a purple ugly thing
  5834 | D:7      | Killed a purple ugly thing
  5834 | D:7      | Reached skill level 1 in Maces & Flails
  5834 | D:7      | Reached skill level 5 in Dodging
  5860 | D:7      | Identified the Almanac of the Evil Voyage
  5892 | D:7      | Reached ** piety under Makhleb
  5900 | D:7      | Killed an unseen horror
  6042 | D:7      | Found an iron altar of Okawaru.
  6203 | D:7      | Reached skill level 1 in Invocations
  6203 | D:7      | Gained mutation: You are completely covered in rough black scales (AC +10, Dex -3). [demonic ancestry]
  6203 | D:7      | Reached XP level 10. HP: 77/77 MP: 9/11
  6227 | D:7      | Found Vaopn's Distillery.
  6595 | D:8      | Reached skill level 2 in Invocations
  6993 | D:8      | Noticed Erica
  7055 | D:8      | Killed Erica
  7055 | D:8      | Reached skill level 4 in Invocations
  7548 | D:9      | Noticed Malvoorn's ghost (novice OgGl)
  7558 | D:9      | Killed Malvoorn's ghost
  7558 | D:9      | Reached skill level 5 in Invocations
  7651 | D:9      | Noticed a cyclops
  7655 | D:9      | Killed a cyclops
  7893 | D:9      | Learned a level 2 spell: Repel Missiles
  7925 | D:9      | Reached *** piety under Makhleb
  7984 | D:9      | Reached skill level 6 in Invocations
  8251 | D:9      | Found a shattered altar of Ashenzari.
  8312 | D:10     | Entered Level 10 of the Dungeon
  8364 | D:10     | Killed an unseen horror
  8364 | D:10     | Reached XP level 11. HP: 83/83 MP: 16/16
  8715 | D:10     | Found Toosav's Antique Armour Boutique.
  8738 | D:10     | Reached skill level 7 in Invocations
  8955 | D:10     | Noticed a hill giant
  8958 | D:10     | Killed a hill giant
  9093 | D:11     | Reached **** piety under Makhleb
  9096 | D:11     | Reached skill level 8 in Invocations
  9136 | D:11     | Found a staircase to the Lair.
  9315 | D:11     | Found a staircase to the Orcish Mines.
  9329 | D:11     | Reached skill level 9 in Invocations
  9386 | D:11     | Reached ***** piety under Makhleb
  9795 | Lair:1   | Entered Level 1 of the Lair of Beasts
 10594 | Lair:2   | Gained mutation: You have very sharp fingernails. [demonic ancestry]
 10594 | Lair:2   | Reached XP level 12. HP: 86/91 MP: 19/19
 10917 | Lair:2   | Reached ****** piety under Makhleb
 11338 | Lair:3   | Noticed a four-headed hydra
 11344 | Lair:3   | Killed a four-headed hydra
 11529 | Lair:3   | Reached skill level 10 in Invocations
 11537 | Lair:3   | Reached skill level 5 in Maces & Flails
 11798 | Lair:3   | Reached skill level 10 in Shields
 12128 | Lair:3   | Reached skill level 5 in Stealth
 12615 | Lair:4   | Found a staircase to the Shoals.
 12783 | Lair:4   | Reached skill level 11 in Invocations
 14203 | Lair:5   | Found a hole to the Spider Nest.
 14668 | Lair:5   | Upgraded the game from 0.18.1-47-g9310371 to 0.18.1-48-g4cf74bf
 14752 | Lair:6   | Reached skill level 12 in Invocations
 14929 | Lair:6   | Reached XP level 13. HP: 98/98 MP: 22/22
 15417 | Lair:7   | Found a staircase to the Slime Pits.
 15418 | Lair:7   | Found a viscous altar of Jiyva.
 15688 | Lair:7   | Reached skill level 13 in Invocations
 16131 | Lair:7   | Reached skill level 5 in Axes
 16907 | Lair:8   | Entered Level 8 of the Lair of Beasts
 17144 | Lair:8   | Reached skill level 14 in Invocations
 17973 | Orc:1    | Entered Level 1 of the Orcish Mines
 18042 | Orc:1    | Found a bloodstained altar of Trog.
 18169 | Orc:2    | Entered Level 2 of the Orcish Mines
 18169 | Orc:2    | Found a staircase to the Elven Halls.
 18248 | Orc:2    | Noticed Rupert
 18250 | Orc:2    | Paralysed by Rupert for 3 turns
 18257 | Orc:2    | Killed Rupert
 18257 | Orc:2    | Reached XP level 14. HP: 105/106 MP: 24/24
 18429 | Orc:2    | Noticed Josephine
 18452 | Orc:2    | Killed Josephine
 18925 | Orc:2    | Reached skill level 15 in Invocations
 19221 | Orc:2    | Found Avvant's Assorted Antiques.
 19221 | Orc:2    | Found Jesea's Weapon Shop.
 19916 | Orc:2    | Found Lusar's Gadget Shoppe.
 19916 | Orc:2    | Found Vojame's Book Shop.
 19929 | Orc:2    | HP: 3/106 [sun demon[an orc high priest] (14)]
 20176 | Orc:2    | Found a roughly hewn altar of Beogh.
 20381 | Orc:2    | Bought the +6 flail of Kaostruz {freeze, *Drain +Inv Str+6 Dex+9} for 990 gold pieces
 20426 | Orc:2    | Bought a shiny helmet for 117 gold pieces
 20695 | Spider:1 | Entered Level 1 of the Spider Nest
 21006 | Spider:1 | Reached skill level 16 in Invocations
 22155 | Spider:3 | Gained mutation: You are mostly covered in sharp spines. [demonic ancestry]
 22155 | Spider:3 | Reached XP level 15. HP: 113/113 MP: 27/27
 22358 | Spider:3 | Killed a ghost moth
 22691 | Spider:3 | Reached skill level 17 in Invocations
 22894 | Spider:4 | Entered Level 4 of the Spider Nest
 22894 | Spider:4 | Noticed spiff's ghost (adept DEWz)
 22925 | Spider:4 | Killed spiff's ghost
 23200 | Spider:4 | Killed a ghost moth
 23636 | Spider:4 | Reached XP level 16. HP: 86/122 MP: 28/28
 23863 | Spider:4 | Reached skill level 18 in Invocations
 24039 | Spider:4 | Reached skill level 10 in Fighting
 24126 | Spider:4 | Got a gossamer rune of Zot
 24629 | D:10     | Bought a cloak for 153 gold pieces
 24634 | D:10     | Bought a large shield for 153 gold pieces
 24741 | Elf:1    | Entered Level 1 of the Elven Halls
 24826 | Elf:1    | Noticed Roxanne
 24857 | Elf:1    | Killed Roxanne
 24889 | Elf:1    | Found a flickering gateway to a bazaar.
 24906 | Bazaar   | Entered a bazaar
 24906 | Bazaar   | Found Cynovuna's Antique Weapon Boutique.
 24906 | Bazaar   | Found Kaadib's Jewellery Boutique.
 24925 | Bazaar   | Found Poingur's General Store.
 24941 | Bazaar   | Found Tudwap Helo's Antique Armour Shop.
 24952 | Bazaar   | Found Tuuppu's Magic Scroll Emporium.
 24987 | Bazaar   | Bought the +2 hat of the Bear Spirit {Spirit, +Rage rN+ MR++} for 391 gold pieces
 25019 | Bazaar   | Bought an uncursed ring of see invisible for 195 gold pieces
 25840 | Elf:1    | Noticed Louise
 25868 | Elf:1    | Killed Louise
 26112 | Elf:1    | Reached skill level 19 in Invocations
 27622 | D:12     | Gained mutation: You are frail (-10% HP). [mutagenic meat]
 27623 | D:12     | Gained mutation: Your muscles are strong. (Str +2) [mutagenic meat]
 27661 | D:12     | Lost mutation: Your muscles are strong. (Str +2) [mutagenic meat]
 27662 | D:12     | Gained mutation: You are dopey. (Int -2) [mutagenic meat]
 27663 | D:12     | Gained mutation: Scrolls take you a little longer to read. [mutagenic meat]
 27667 | D:12     | Gained mutation: You have a pair of small antennae on your head. [mutagenic meat]
 28509 | D:13     | Gained mutation: You have claws for hands. [demonic ancestry]
 28509 | D:13     | Reached XP level 17. HP: 116/116 MP: 30/30
 28628 | D:13     | Found a gate to the Vaults.
 28657 | D:13     | Noticed Azrael
 28689 | D:13     | Killed Azrael
 28689 | D:13     | Reached skill level 15 in Shields
 29355 | D:14     | Gained mutation: Your natural rate of healing is unusually fast. [mutagenic meat]
 29356 | D:14     | Gained mutation: You heal very quickly. [mutagenic meat]
 29653 | D:14     | Found Gattis's Armour Shop.
 29688 | D:14     | Bought the -2 hat of the Alchemist {rElec rPois rF+ rC+ rN+ MR+ rMut rCorr} for 660 gold pieces
 30219 | D:15     | Entered Level 15 of the Dungeon
 30438 | D:15     | Found a staircase to the Depths.
 30461 | D:15     | Reached skill level 10 in Maces & Flails
 30621 | D:15     | Noticed Agnes
 30632 | D:15     | Killed Agnes
 30632 | D:15     | Reached skill level 10 in Armour
 31194 | Elf:2    | Got a dazzling ring mail
 31221 | Elf:2    | Identified the cursed +1 ring mail of Ylot {rF+ rN+} (You found it on level 2 of the Elven Halls)
 31358 | Elf:2    | Noticed Donald
 31370 | Elf:2    | Killed Donald
 31370 | Elf:2    | Reached skill level 1 in Charms
 31371 | Elf:2    | Reached skill level 1 in Spellcasting
 31673 | Elf:2    | Reached skill level 1 in Air Magic
 31886 | Elf:2    | Found a portal to a secret trove of treasure.
 31961 | Elf:2    | Found a runed gate.
 31961 | Elf:2    | Found a runed gate.
 31961 | Elf:2    | Found a runed gate.
 32072 | Elf:2    | HP: 5/117 [broad axe of electrocution (19)]
 32072 | Elf:2    | Slain by a deep elf knight

Skill      XL: |  1  2  3  4  5  6  7  8  9 10 11 12 13 14 15 16 17 |
---------------+----------------------------------------------------+-----
Shields        | 3 4 5 6 7 8 9 10 11 12 13 14 15 | 15.6
Axes           | 2 3 4 5 |  5.4
Armour         | 3 4 5 6 7 8 9 10 | 10.0
Dodging        | 1 2 3 4 5 6 7 8 9 |  9.1
Fighting       | 4 5 6 7 8 9 10 11 | 11.0
Polearms       | 1 2 3 |  3.1
Stealth        | 1 2 3 4 5 6 |  6.6
Maces & Flails | 2 3 4 5 6 7 8 9 10 | 10.2
Invocations    | 1 6 9 12 14 16 17 19 | 19.7
Charms         | 2 |  2.0
Spellcasting   | 1 |  1.9
Air Magic      | 1 |  1.5
Slings         | |  0.3

Action                   |  1- 3 |  4- 6 |  7- 9 | 10-12 | 13-15 | 16-18 || total
-------------------------+-------+-------+-------+-------+-------+-------++-------
Melee: War axe           |    79 |   259 |    49 |   130 |   118 |       ||   635
       Spear             |       |    22 |   176 |    13 |       |       ||   211
       Flail             |       |       |    45 |   503 |  1091 |  1287 ||  2926
 Fire: Hunting sling     |       |     7 |     2 |       |       |       ||     9
Throw: Stone             |       |     3 |       |       |       |       ||     3
 Cast: Repel Missiles    |       |       |       |     1 |     1 |     1 ||     3
Invok: Minor Destruction |       |       |    15 |   213 |   461 |   256 ||   945
       Lesser Servant of |       |       |       |     3 |    25 |     5 ||    33
       Major Destruction |       |       |       |     2 |    20 |     4 ||    26
       Greater Servant o |       |       |       |       |     1 |     1 ||     2
Evoke: Wand              |       |       |       |       |     1 |     4 ||     5
  Use: Scroll            |     1 |       |       |    16 |    10 |    14 ||    41
       Potion            |       |       |       |    13 |    16 |     7 ||    36
 Stab: Distracted        |       |       |     2 |     3 |    13 |     5 ||    23
       Sleeping          |       |       |     3 |    22 |     5 |     7 ||    37
       Invisible         |       |       |       |     2 |     2 |       ||     4
       Held in net/web   |       |       |       |       |     1 |       ||     1
  Eat: Chunk             |       |     8 |    10 |    34 |    39 |    37 ||   128
       Beef jerky        |       |       |       |     4 |     1 |     3 ||     8
       Pizza             |       |       |       |       |     4 |     2 ||     6
       Bread ration      |       |       |       |       |       |     1 ||     1
Armor: Scale mail        |    44 |   201 |    88 |       |       |       ||   333
       Shadow dragon arm |       |       |    32 |   252 |   116 |    32 ||   432
       Chain mail        |       |       |       |       |   400 |   152 ||   552
       Ring mail         |       |       |       |       |       |    15 ||    15
Dodge: Dodged            |    27 |   131 |    82 |   257 |   776 |   305 ||  1578
       Deflected         |       |       |       |       |     3 |     2 ||     5
Block: Shield            |    44 |   199 |   130 |   629 |  1443 |   162 ||  2607
       Reflection        |       |       |       |       |     4 |    91 ||    95
       Large shield      |       |       |       |       |       |  1295 ||  1295
